 Dungeon Crawl Stone Soup version 0.29-a0-359-g541a27f54d (webtiles) character file.

Game seed: 5412122536177138522

10523 croobank the Blocker (level 11, -3/133 HPs)
             Began as a Gnoll Fighter on Apr 27, 2022.
             Was an Initiate of Gozag.
             Slain by Urug
             ... wielding a +4 long sword
              (24 damage)
             ... on level 1 of the Lair of Beasts.
             The game lasted 00:59:21 (12192 turns).

croobank the Blocker (Gnoll Fighter)               Turns: 12192, Time: 00:59:23

Health: -3/133     AC: 15    Str: 19    XL:     11   Next: 63%
Magic:  29/29      EV: 13    Int:  9    God:    Gozag
Gold:   323        SH:  8    Dex: 11    Spells: 23/23 levels left

rFire   + . .      SeeInvis .   H - +5 long sword
rCold   + . .      Faith    .   c - +2 buckler
rNeg    . . .      Spirit   .   d - +0 acid dragon scales
rPois   +          Reflect  .   (no helmet)
rElec   +          Harm     .   s - +0 cloak
rCorr   +          Rampage  .   (no gloves)
Will    .....                   o - +0 pair of boots
Stlth   ..........              (no amulet)
HPRegen 0.32/turn               e - +4 ring of protection
MPRegen 0.21/turn               q - ring of magical power

@: berserking (expiring), resistant, gold aura, very quick
A: fangs 1, strong nose, distributed training
a: Renounce Religion, Potion Petition, Call Merchant, Bribe Branch


You were on level 1 of the Lair of Beasts.
You worshipped Gozag.
Gozag was aware of your devotion.
You visited 3 branches of the dungeon, and saw 13 of its levels.
You also visited: Bailey.

You collected 2343 gold pieces.
You spent 602 gold pieces at shops.
You paid 1418 gold pieces to Gozag.

Inventory:

Hand Weapons
 i - a +2 antimagic dagger
 l - a +1 war axe of freezing
 p - a +5 quick blade
 F - a +3 flail of holy wrath
 G - a +1 morningstar of flaming
 H - a +5 long sword (weapon)
 K - a +4 quarterstaff of chaos
 M - a +3 battleaxe
 N - a +4 great sword of freezing
Missiles
 f - a silver boomerang (quivered)
 h - 211 stones
 n - 2 curare-tipped darts
 t - 6 boomerangs
 y - 14 poisoned darts
Armour
 c - a +2 buckler (worn)
 d - +0 acid dragon scales (worn)
 g - a +0 scale mail
 o - a +0 pair of boots (worn)
 s - a +0 cloak (worn)
 x - a +2 leather armour of cold resistance
Jewellery
 e - a +4 ring of protection (left hand)
 q - a ring of magical power (right hand)
Wands
 C - a wand of flame (18)
 D - a wand of iceblast (10)
Scrolls
 a - a scroll of fog
 b - a scroll of enchant weapon
 j - 3 scrolls of immolation
 A - a scroll of noise
 E - a scroll of magic mapping
Potions
 k - a potion of flight
 m - a potion of curing
 r - 2 potions of brilliance
 v - 2 potions of lignification
 w - a potion of cancellation
 z - a potion of ambrosia
 B - a potion of mutation
 J - a potion of attraction


   Skills:
 + Level 9.3 Fighting
 + Level 6.5 Short Blades
 + Level 6.5 Long Blades
 + Level 8.0 Axes
 + Level 6.5 Maces & Flails
 + Level 6.5 Polearms
 + Level 6.5 Staves
 + Level 6.5 Slings
 + Level 6.5 Bows
 + Level 6.5 Crossbows
 + Level 6.5 Throwing
 + Level 9.3 Armour
 + Level 6.5 Dodging
 + Level 6.5 Stealth
 + Level 9.3 Shields
 + Level 6.5 Unarmed Combat
 + Level 6.5 Spellcasting
 + Level 5.3 Conjurations
 + Level 5.3 Hexes
 + Level 5.3 Summonings
 + Level 5.3 Necromancy
 + Level 5.3 Translocations
 + Level 5.3 Transmutations
 + Level 5.3 Fire Magic
 + Level 5.3 Ice Magic
 + Level 5.3 Air Magic
 + Level 5.3 Earth Magic
 + Level 5.3 Poison Magic
 + Level 7.1 Invocations
 + Level 6.5 Evocations


You had 23 spell levels left.
You didn't know any spells.
Your spell library contained the following spells:

 Spells                   Type           Power      Damage    Failure   Level
 Animate Skeleton         Necr           24%        N/A       3%          1
 Apportation              Tloc           24%        N/A       3%          1
 Summon Small Mammal      Summ           48%        N/A       3%          1
 Alistair's Intoxication  Tmut/Pois      8%         N/A       67%         5
 Summon Forest            Summ/Tloc      6%         N/A       67%         5
 Eringya's Noxious Bog    Tmut/Pois      6%         N/A       99%         6
 Summon Hydra             Summ           6%         N/A       100%        7


Dungeon Overview and Level Annotations

Branches:
Dungeon (11/15)            Temple (1/1) D:4            Lair (1/6) D:11
 Bailey (visited)
    Orc: D:9-12

Altars:
Cheibriados
Dithmenos
Elyvilon
Fedhas
Gozag
Kikubaaqudgha
Makhleb
Nemelex Xobeh
Okawaru
Qazlal
Ru
Sif Muna
Trog
Uskayaw
Vehumet
Wu Jian
Xom
Yredelemnul
Zin
The Shining One

Shops:
D:1 (   D:3 (   D:5 ?   D:10 (

Annotations:
D:9 Erolcha
D:10 Fannar, Nergalle
Lair:1 Urug


Innate Abilities, Weirdness & Mutations

You have very sharp teeth.
Your uncanny sense of smell can sniff out nearby items.
Your experience applies equally to all skills.


Message History

Urug is heavily wounded.
You block the black mamba's attack. Urug hits you with a +4 long sword!!
You barely miss the black mamba. You bite the black mamba.
The black mamba is lightly wounded.
The black mamba barely misses you.
You hit the black mamba. You bite the black mamba!
The black mamba is heavily wounded.
You block the black mamba's attack. You block Urug's attack.
The black mamba bites you.
* * * LOW HITPOINT WARNING * * *
You slash the black mamba!
The black mamba is severely wounded.
You block the black mamba's attack. Urug hits you with a +4 long sword.
* * * LOW HITPOINT WARNING * * *
You miss the black mamba. You bite the black mamba.
The black mamba is almost dead.
The black mamba closely misses you. Urug closely misses you.
You closely miss the black mamba.
The black mamba is almost dead.
The black mamba closely misses you. x2
You slash the black mamba!
You kill the black mamba!
Urug hits you with a +4 long sword!!
* * * LOW HITPOINT WARNING * * *
You hit Urug but do no damage.
Urug is heavily wounded.
You block Urug's attack.
You slash Urug! Your bite misses Urug.
Urug is heavily wounded.
You block Urug's attack.
You slash Urug!
Urug is severely wounded.
Urug completely misses you.
You closely miss Urug.
Urug is severely wounded.
You barely miss Urug.
Urug is severely wounded.
Urug hits you with a +4 long sword!!
You die...
Your body crumbles into a pile of gold.

# #. #.
#..###+###.#
#...@o.....[
#....$......
#....)......
#####.####.#
## #


You could see Urug.

Vanquished Creatures
  Joseph (D:7)
  A black mamba (Lair:1)
  Maggie (D:6)
  2 komodo dragons (D:11)
  Grinder (D:4)
  20 yaks
  Sigmund (D:5)
  Grum (D:8)
  A basilisk (D:11)
  4 wyverns
  Eustachio (D:4)
  3 vampire mosquitoes (D:8)
  Menkaure (D:7)
  Edmund (D:5)
  4 orc warriors
  6 water moccasins
  2 ice beasts (D:7)
  A swamp drake (D:11)
  A black bear (D:4)
  2 sky beasts
  An ogre (D:4)
  3 wolves
  2 centaurs
  4 kobold brigands
  2 bullfrogs
  Blork the orc (D:4)
  A gnoll sergeant (D:9)
  2 scorpions (D:5)
  A necrophage (D:5)
  11 wights
  3 killer bees (D:10)
  5 howler monkeys
  Crazy Yiuf (D:7)
  6 orc priests
  A hound (D:7)
  A gnoll shaman (D:5)
  4 iguanas
  7 orc wizards
  5 gnolls
  8 adders
  A shadow imp (D:4)
  A white imp (D:7)
  2 ufetubi
  4 dart slugs
  28 orcs
  6 ball pythons
  4 bats
  7 endoplasms
  2 giant cockroaches (D:1)
  11 goblins
  4 hobgoblins
  6 jackals (D:1)
  18 kobolds
  3 quokkas
  A frilled lizard (D:3)
  7 rats
229 creatures vanquished.

Notes
Turn   | Place    | Note
-------+----------+-------------------------------------------
     0 | D:1      | croobank the Gnoll Fighter began the quest for the Orb.
     0 | D:1      | Reached XP level 1. HP: 23/23 MP: 1/1
   162 | D:1      | Reached XP level 2. HP: 26/29 MP: 2/2
   197 | D:1      | Found a faded altar of an unknown god.
   489 | D:1      | Found Dalemy's Weapon Boutique.
   537 | D:1      | Reached XP level 3. HP: 21/35 MP: 3/3
   799 | D:1      | Reached skill level 1 in Invocations
  1195 | D:1      | Reached skill level 1 in Short Blades
  1195 | D:1      | Reached skill level 1 in Long Blades
  1195 | D:1      | Reached skill level 1 in Maces & Flails
  1195 | D:1      | Reached skill level 1 in Polearms
  1195 | D:1      | Reached skill level 1 in Staves
  1195 | D:1      | Reached skill level 1 in Slings
  1195 | D:1      | Reached skill level 1 in Bows
  1195 | D:1      | Reached skill level 1 in Crossbows
  1195 | D:1      | Reached skill level 1 in Throwing
  1195 | D:1      | Reached skill level 1 in Dodging
  1195 | D:1      | Reached skill level 1 in Stealth
  1195 | D:1      | Reached skill level 1 in Unarmed Combat
  1195 | D:1      | Reached skill level 1 in Spellcasting
  1195 | D:1      | Reached skill level 1 in Evocations
  1587 | D:2      | Reached XP level 4. HP: 41/41 MP: 5/5
  2110 | D:3      | Found a bloodstained altar of Trog.
  2145 | D:3      | Found a stormy altar of Qazlal.
  2226 | D:3      | Found a blossoming altar of Fedhas.
  2251 | D:3      | Reached skill level 1 in Conjurations
  2251 | D:3      | Reached skill level 1 in Hexes
  2251 | D:3      | Reached skill level 1 in Summonings
  2251 | D:3      | Reached skill level 1 in Necromancy
  2251 | D:3      | Reached skill level 1 in Translocations
  2251 | D:3      | Reached skill level 1 in Transmutations
  2251 | D:3      | Reached skill level 1 in Fire Magic
  2251 | D:3      | Reached skill level 1 in Ice Magic
  2251 | D:3      | Reached skill level 1 in Air Magic
  2251 | D:3      | Reached skill level 1 in Earth Magic
  2251 | D:3      | Reached skill level 1 in Poison Magic
  2400 | D:3      | Found a shadowy altar of Dithmenos.
  2422 | D:3      | Found Ukloppu's Antique Weapon Boutique.
  2538 | D:3      | Found a glowing golden altar of the Shining One.
  2869 | D:4      | Noticed an ogre
  2879 | D:4      | Killed an ogre
  2880 | D:4      | Reached XP level 5. HP: 45/47 MP: 5/7
  2947 | D:4      | Reached XP level 6. HP: 53/53 MP: 8/8
  3087 | D:4      | Found a glowing silver altar of Zin.
  3104 | D:4      | Noticed Eustachio
  3115 | D:4      | Killed Eustachio
  3116 | D:4      | Reached skill level 5 in Axes
  3242 | D:4      | Noticed a black bear
  3251 | D:4      | Killed a black bear
  3252 | D:4      | Reached XP level 7. HP: 52/59 MP: 10/10
  3261 | D:4      | Noticed Grinder
  3273 | D:4      | Killed Grinder
  3464 | D:4      | Found a staircase to the Ecumenical Temple.
  3479 | D:4      | Noticed Blork the orc
  3496 | D:4      | Killed Blork the orc
  3508 | Temple   | Entered the Ecumenical Temple
  3729 | Temple   | Became a worshipper of Gozag Ym Sagoz the Greedy
  4002 | D:5      | Entered Level 5 of the Dungeon
  4063 | D:5      | Reached XP level 8. HP: 67/67 MP: 12/12
  4129 | D:5      | Found Senacv Kytel's Magic Scroll Emporium.
  4134 | D:5      | Bought a scroll of identify for 28 gold pieces
  4134 | D:5      | Bought a scroll of identify for 28 gold pieces
  4134 | D:5      | Bought a scroll of identify for 28 gold pieces
  4305 | D:5      | Noticed Edmund
  4328 | D:5      | Killed Edmund
  4443 | D:5      | Noticed Sigmund
  4451 | D:5      | Killed Sigmund
  4709 | D:6      | Upgraded the game from 0.29-a0-356-g7bc237e783 to
                  | 0.29-a0-359-g541a27f54d
  4924 | D:6      | Noticed Maggie
  4960 | D:5      | Reached XP level 9. HP: 59/72 MP: 14/14
  6358 | D:7      | Noticed Menkaure
  6365 | D:7      | Killed Menkaure
  6366 | D:7      | Reached skill level 5 in Invocations
  6379 | D:7      | Found a flagged portal.
  6393 | Bailey   | Entered a bailey
  6575 | D:7      | Noticed Joseph
  6595 | D:7      | Killed Joseph
  6596 | D:7      | Reached XP level 10. HP: 31/80 MP: 17/17
  6939 | D:7      | Found a hide-covered altar of Uskayaw.
  6941 | D:7      | Found an iron altar of Okawaru.
  7045 | D:7      | Identified a scroll of acquirement
  7045 | D:7      | Acquired 709 gold pieces
  7124 | D:7      | Found a snail-covered altar of Cheibriados.
  7322 | D:7      | Found a runed translucent door.
  7323 | D:7      | Noticed Crazy Yiuf
  7335 | D:7      | Killed Crazy Yiuf
  7336 | D:7      | Reached skill level 5 in Short Blades
  7336 | D:7      | Reached skill level 5 in Long Blades
  7336 | D:7      | Reached skill level 5 in Maces & Flails
  7336 | D:7      | Reached skill level 5 in Polearms
  7336 | D:7      | Reached skill level 5 in Staves
  7336 | D:7      | Reached skill level 5 in Slings
  7336 | D:7      | Reached skill level 5 in Bows
  7336 | D:7      | Reached skill level 5 in Crossbows
  7336 | D:7      | Reached skill level 5 in Throwing
  7336 | D:7      | Reached skill level 5 in Dodging
  7336 | D:7      | Reached skill level 5 in Stealth
  7336 | D:7      | Reached skill level 5 in Unarmed Combat
  7336 | D:7      | Reached skill level 5 in Spellcasting
  7336 | D:7      | Reached skill level 5 in Evocations
  8260 | D:8      | Found an ornate altar of the Wu Jian Council.
  8463 | D:8      | Noticed Grum
  8758 | D:8      | Killed Grum
  8885 | D:8      | Reached XP level 11. HP: 55/87 MP: 19/19
  9020 | D:8      | Found a sacrificial altar of Ru.
  9328 | D:9      | Noticed Erolcha
  9448 | D:8      | HP: 4/87 [wyvern (7)]
 10187 | D:6      | Killed Maggie
 10188 | D:6      | Reached skill level 5 in Conjurations
 10188 | D:6      | Reached skill level 5 in Hexes
 10188 | D:6      | Reached skill level 5 in Summonings
 10188 | D:6      | Reached skill level 5 in Necromancy
 10188 | D:6      | Reached skill level 5 in Translocations
 10188 | D:6      | Reached skill level 5 in Transmutations
 10188 | D:6      | Reached skill level 5 in Fire Magic
 10188 | D:6      | Reached skill level 5 in Ice Magic
 10188 | D:6      | Reached skill level 5 in Air Magic
 10188 | D:6      | Reached skill level 5 in Earth Magic
 10188 | D:6      | Reached skill level 5 in Poison Magic
 10404 | D:10     | Entered Level 10 of the Dungeon
 10497 | D:10     | Found Liom's Weapon Emporium.
 10500 | D:10     | Bought 2 curare-tipped darts for 14 gold pieces
 10744 | D:10     | Bought a +5 quick blade for 504 gold pieces
 11198 | D:10     | Noticed Fannar
 11309 | D:10     | Noticed Nergalle
 11960 | D:11     | Found a staircase to the Lair.
 12167 | Lair:1   | Entered Level 1 of the Lair of Beasts
 12167 | Lair:1   | Noticed Urug
 12192 | Lair:1   | Slain by Urug

Illustrated notes

Levels and vault maps discovered:
D:1:      tarquinn_simple_flora_water_e, layout_basic, serial_shops,
          nicolae_shop_bloodbath_and_beyond,
          shapermc_ecumenical_altar_mp_highgroup, minmay_tall_x
D:2:      layout_rooms, serial_co_window_serial, co_window_paths_a,
          co_window_paths_a, co_window_paths_b, co_window_corner_a,
          co_window_paths_b, co_window_corner_a, co_window_corner_ca,
          co_window_broadway_c, co_window_corner_ca, co_window_broadway_b,
          co_window_unsneaky_path_d, glass_columns_b, glass_columns_a,
          glass_columns_b, glass_columns_b
D:3:      layout_basic, general_overflow_altar, old_standard_altar,
          mainiacjoe_overflow_alcove_2, lemuel_round_altar, lemuel_tele_altar,
          serial_shops, shop, minmay_misc_feat_tower, st_stairs_12
D:4:      layout_basic, lemuel_crystal_altar, minmay_temple_entry_waves,
          uniq_blork_the_orc, uniq_eustachio, uniq_grinder
D:5:      layout_rooms, serial_shops, shop, sigmund_edmund_badplayer
D:6:      layout_rooms, uniq_maggie
D:7:      layout_cave_pools, kennysheep_slug_shrine,
          chequers_temple_overflow_statue_of_worship, enter_bailey_4,
          minmay_quadrilaterals, uniq_menkaure, uniq_crazy_yiuf_cottage,
          uniq_joseph
D:8:      layout_rooms, overflow_temple_1_default, nzn_wu_jian_council_hall,
          uniq_grum
D:9:      layout_long_grid, ashenzari_altar_1, uniq_erolcha
D:10:     layout_loops_ring, worldfamousw_hep_ancestral_shrine, serial_shops,
          kennysheep_mini_moat, st_stairs_8, uniq_fannar, uniq_nergalle
D:11:     layout_basic, erik_lair_dragon, elyvilon_altar_5
Temple:   compressed_dpeg_triangle_lava_temple
Lair:1:   layout_regular_city, uniq_urug

Skill      XL: |  1  2  3  4  5  6  7  8  9 10 11 |
---------------+----------------------------------+-----
Invocations    | 1 2 3 4 5 6 7 |  7.1
Short Blades   | 1 2 3 4 5 6 |  6.5
Long Blades    | 1 2 3 4 5 6 |  6.5
Maces & Flails | 1 2 3 4 5 6 |  6.5
Polearms       | 1 2 3 4 5 6 |  6.5
Staves         | 1 2 3 4 5 6 |  6.5
Slings         | 1 2 3 4 5 6 |  6.5
Bows           | 1 2 3 4 5 6 |  6.5
Crossbows      | 1 2 3 4 5 6 |  6.5
Throwing       | 1 2 3 4 5 6 |  6.5
Dodging        | 1 2 3 4 5 6 |  6.5
Stealth        | 1 2 3 4 5 6 |  6.5
Unarmed Combat | 1 2 3 4 5 6 |  6.5
Spellcasting   | 1 2 3 4 5 6 |  6.5
Evocations     | 1 2 3 4 5 6 |  6.5
Conjurations   | 1 2 3 4 5 |  5.3
Hexes          | 1 2 3 4 5 |  5.3
Summonings     | 1 2 3 4 5 |  5.3
Necromancy     | 1 2 3 4 5 |  5.3
Translocations | 1 2 3 4 5 |  5.3
Transmutations | 1 2 3 4 5 |  5.3
Fire Magic     | 1 2 3 4 5 |  5.3
Ice Magic      | 1 2 3 4 5 |  5.3
Air Magic      | 1 2 3 4 5 |  5.3
Earth Magic    | 1 2 3 4 5 |  5.3
Poison Magic   | 1 2 3 4 5 |  5.3
Axes           | 5 6 7 8 |  8.0
Fighting       | 7 8 9 |  9.3
Armour         | 7 8 9 |  9.3
Shields        | 7 8 9 |  9.3

Action                   |  1- 3 |  4- 6 |  7- 9 | 10-12 || total
-------------------------+-------+-------+-------+-------++-------
Melee: War axe           |    87 |    96 |   302 |   255 ||   740
       Bite              |     4 |     8 |    24 |    67 ||   103
       Flail             |       |       |     1 |    75 ||    76
       Long sword        |       |       |       |   117 ||   117
       Quick blade       |       |       |       |    58 ||    58
Throw: Dart              |       |     3 |     4 |       ||     7
       Stone             |       |     3 |       |       ||     3
       Boomerang         |       |       |    12 |       ||    12
Invok: Potion Petition   |       |       |       |     4 ||     4
Evoke: Wand              |       |       |     1 |    10 ||    11
  Use: Scroll            |     5 |     8 |     7 |    17 ||    37
       Potion            |       |     1 |     9 |     3 ||    13
 Stab: Distracted        |       |       |     1 |     4 ||     5
       Sleeping          |       |       |       |     2 ||     2
Armor: Scale mail        |    33 |    47 |   147 |    83 ||   310
       Acid dragon scale |       |       |       |    69 ||    69
Dodge: Dodged            |    40 |    40 |   154 |   197 ||   431
Block: Buckler           |    24 |    40 |    76 |   164 ||   304

Table legend: (Time is in decaauts)
 A = Elapsed time spent in this place.
 B = Non-inter-level travel time spent in this place.
 C = Inter-level travel time spent in this place.
 D = Time resting spent in this place.
 E = Time spent auto-exploring this place.
 F = Levels seen in this place.
 G = Mean time per level.
                   A        B        C        D        E       F      G
               +--------+--------+--------+--------+--------+-----+--------+
         Total |  12338 |  11965 |    373 |   3582 |   5205 |  14 |  881.3 |
       Dungeon |  12028 |  11666 |    362 |   3569 |   5040 |  11 | 1093.5 |
        Temple |    223 |    212 |     11 |      0 |    164 |   1 |  223.0 |
          Lair |     22 |     22 |      0 |      0 |      0 |   1 |   22.0 |
        Bailey |     62 |     62 |      0 |     13 |      0 |   1 |   62.0 |
               +--------+--------+--------+--------+--------+-----+--------+

Top non-repeatable levels by time:
     D:8: 1836 daAuts
     D:7: 1690 daAuts
    D:10: 1482 daAuts
     D:1: 1301 daAuts
     D:6: 1208 daAuts
     D:5: 1066 daAuts
     D:4: 940 daAuts
     D:3: 820 daAuts
     D:2: 760 daAuts
     D:9: 657 daAuts
    D:11: 264 daAuts
  Temple: 223 daAuts
  Bailey: 62 daAuts
  Lair:1: 22 daAuts
